 Dungeon Crawl Stone Soup version 0.29.1-12-g30fa7ad0bf (webtiles) character file.

Game seed: 14946001301371108950

7852 soggyman666 the Thaumaturge (level 11, -2/65 HPs)
             Began as a Djinni Fire Elementalist on Dec 17, 2022.
             Slain by a +2 mace of chaos (10 damage)
             ... on level 6 of the Dungeon.
             The game lasted 00:48:22 (11089 turns).

soggyman666 the Thaumaturge (DjFE)                 Turns: 11089, Time: 00:48:22

Health: -2/65      AC:  8    Str:  7    XL:     11   Next: 44%
Gold:   960        EV: 13    Int: 22    God:
                   SH:  0    Dex: 13

rFire   + + .      SeeInvis .   (no weapon)
rCold   x . .      Faith    .   (no shield)
rNeg    . . .      Spirit   .   F - +0 steam dragon scales
rPois   ∞          Reflect  .   c - +0 helmet
rElec   .          Harm     .   e - +0 cloak
rCorr   .          Rampage  .   s - +0 pair of gloves
Will    +....                   (boots unavailable)
Stlth   ++........              n - amulet of regeneration
HPRegen 1.00/turn               o - ring of wizardry
MPRegen 0.00/turn               (no ring)

@: about to teleport, flying
A: sickness immunity, fire resistance 2, cold vulnerability 1, float, innate
caster, HP casting, extra vitality 1
a: no special abilities


You were on level 6 of the Dungeon.
You visited 3 branches of the dungeon, and saw 11 of its levels.
You also visited: Sewer and Bailey.

You collected 960 gold pieces.

Inventory:

Missiles
 a - 5 throwing nets
Armour
 c - a +0 helmet (worn)
 e - a +0 cloak (worn)
 s - a +0 pair of gloves (worn)
 F - +0 steam dragon scales (worn)
Jewellery
 n - an amulet of regeneration (around neck)
 o - a ring of wizardry (left hand)
Wands
 k - a wand of acid (5)
 z - a wand of flame (7)
 B - a wand of mindburst (11)
Scrolls
 d - 2 scrolls of immolation
 f - 2 scrolls of enchant weapon
 j - a scroll of summoning {unknown}
 m - 2 scrolls of fear {unknown}
 p - 2 scrolls of blinking
 u - 4 scrolls of teleportation
 v - 2 scrolls of vulnerability {unknown}
 w - a scroll of brand weapon {unknown}
 x - 5 scrolls of butterflies
 y - a scroll of acquirement {unknown}
 A - 3 scrolls of amnesia {unknown}
 C - a scroll of poison {unknown}
 D - a scroll of magic mapping {unknown}
Potions
 b - 3 potions of brilliance
 g - 3 potions of curing
 h - 2 potions of cancellation {unknown}
 i - 3 potions of lignification {unknown}
 l - 2 potions of heal wounds
 q - 2 potions of mutation {unknown}
 r - 2 potions of resistance
 t - a potion of attraction {unknown}
 E - a potion of invisibility {unknown}
 G - a potion of haste {unknown}
 H - a potion of magic {unknown}


   Skills:
 + Level 4.1 Dodging
 + Level 4.1 Stealth
 + Level 12.7 Spellcasting


You had 8 spell levels left.
You knew the following spells:

 Your Spells              Type           Power      Damage    Failure   Level
a - Foxfire               Conj/Fire      100%       2x1d9     1%          1
b - Scorch                Fire           100%       2d10      1%          2
c - Conjure Flame         Conj/Fire      63%        6-21      1%          3
d - Inner Flame           Hex/Fire       63%        N/A       1%          3
e - Flame Wave            Conj/Fire      63%        2d15      1%          4
f - Necrotise             Necr           100%       1d9       1%          1
g - Passwall              Tmut/Erth      52%        N/A       1%          2
h - Frozen Ramparts       Ice            100%       1d16      1%          3
i - Olgreb's Toxic Radia  Pois           63%        N/A       1%          4
j - Sticky Flame          Conj/Fire      63%        2d8       1%          4
Your spell library was empty.

Dungeon Overview and Level Annotations

Branches:
Dungeon (9/15)             Temple (1/1) D:4            Lair (1/5) D:8
  Sewer (visited)          Bailey (visited)
    Orc: D:9-12

Altars:
Cheibriados
Fedhas
Gozag
Hepliaklqana
Makhleb
Nemelex Xobeh
Okawaru
Qazlal
Ru
Trog
Uskayaw
Wu Jian
Xom
Yredelemnul
Zin
The Shining One
Jiyva

Shops:
D:4 =   D:6 *

Annotations:
D:6 hawla's ghost, novice MeAE
D:8 3 runed translucent doors, cheesebisquit's ghost, novice MiBe
Lair:1 2 transporters, warriortoast's ghost, journeyman SpHu


Innate Abilities, Weirdness & Mutations

You are immune to sickness and miasma.
You are immune to poison.
Your flesh is very heat resistant. (rF++)
You are vulnerable to cold. (rC-)
You float through the air rather than walking.
You learn spells naturally, not from books.
Your magical power is your life essence.
You have superior vitality. (+4 MHP)


Message History

As you read the scroll of blinking, it crumbles to dust.
Okay, then.
As you read the scroll of butterflies, it crumbles to dust.
You hear the tinkle of a tiny bell.
You swap places.
Hawla's ghost gestures at you while chanting.
The zap hits the +2 mace of chaos but does no damage.
The zap hits your butterfly!
Your butterfly dies!
Your butterfly disappears in a burst of colours!
The zap hits your butterfly!
Your butterfly dies!
Your butterfly disappears in a burst of colours!
The zap hits you!
* * * LOW HITPOINT WARNING * * *
The +2 mace of chaos hits your butterfly!
Your butterfly dies!
Your butterfly disappears in a burst of colours!
Casting: Flame Wave (safe; 1% risk of failure)
Confirm with . or Enter, or press ? or * to list all spells.
Flames lash the +2 mace of chaos but do no damage.
* * * LOW HITPOINT WARNING * * *
The +2 mace of chaos hits your butterfly!!
Your butterfly dies!
Your butterfly disappears in a burst of colours!
Hawla's ghost threatens, "I'm fresh out of hellfire, but you will end anyway."
Hawla's ghost gestures at you while chanting.
The zap misses your butterfly. The zap hits you!
* * * LOW HITPOINT WARNING * * *
You aren't carrying any weapons that can be enchanted.
Blink to where?
Press: ? - help, Dir - move target
As you read the scroll of blinking, it crumbles to dust.
As you read the scroll of teleportation, it crumbles to dust.
You feel strangely unstable.
The +2 mace of chaos attacks as you move away!
The +2 mace of chaos hits you.
* * * LOW HITPOINT WARNING * * *
The +2 mace of chaos hits you!
You die...

###.....# ##.....b......b
###...## #.........b..b
##...# #...........bb
#...# #.............
#...###........###..
##...##........###..
#...#...........#W.
#########..#..............
#........@(.........###...
#..................##.#...
#..................#._'...
#.........###########?#...
#.........# ###..#
#.........# ####
#.........# #...#######
#####


You could see a +2 mace of chaos.

Vanquished Creatures
  A two-headed ogre (D:9)
  Maggie (D:7)
  Sigmund (D:2)
  A wyvern (D:9)
  12 yaks (Lair:1)
  A steam dragon (D:8)
  3 water moccasins
  An ice beast (D:7)
  2 sky beasts (D:7)
  An orc warrior (D:9)
  A black bear (D:6)
  3 ogres
  2 centaurs
  6 wolves (Bailey)
  2 phantoms
  4 kobold brigands
  7 gnoll sergeants (Bailey)
  4 bullfrogs
  4 scorpions
  A necrophage (D:7)
  4 wights (D:9)
  5 killer bees (D:9)
  3 howler monkeys (D:8)
  3 hounds
  A jelly (D:5)
  8 gnoll boudas
  2 orc priests (D:6)
  2 iguanas (D:5)
  Natasha (thrice) (D:2)
  10 orc wizards
  24 gnolls
  7 adders
  2 river rats (Sewer)
  2 white imps
  An ufetubus (D:6)
  A worm (D:2)
  26 orcs
  5 bats
  4 endoplasms
  5 giant cockroaches (D:4)
  5 hobgoblins
  10 jackals
  5 quokkas
  7 ball pythons
  2 frilled lizards
  11 goblins
  20 kobolds
  5 rats
241 creatures vanquished.

Vanquished Creatures (collateral kills)
  A foxfire (D:1)
1 creature vanquished.

Vanquished Creatures (others)
  579 foxfires
  6 fungi
  9 plants (D:2)
594 creatures vanquished.

Grand Total: 836 creatures vanquished

Notes
Turn   | Place    | Note
-------+----------+-------------------------------------------
     0 | D:1      | soggyman666 the Djinni Fire Elementalist began the quest
                  | for the Orb.
     0 | D:1      | soggyman666 set off with the following spells memorised:
                  | Foxfire, Scorch, Conjure Flame, Inner Flame, Flame Wave.
     0 | D:1      | Reached XP level 1. HP: 15/15 MP: 0/0
   408 | D:1      | Reached XP level 2. HP: 1/21 MP: 0/0
  1018 | D:1      | Reached skill level 3 in Spellcasting
  1418 | D:1      | Reached XP level 3. HP: 19/25 MP: 0/0
  1418 | D:1      | Learned a level 1 spell: Necrotise
  1854 | D:2      | Noticed Sigmund
  1860 | D:2      | Killed Sigmund
  1861 | D:2      | Reached skill level 4 in Spellcasting
  1861 | D:2      | Reached XP level 4. HP: 13/31 MP: 0/0
  1861 | D:2      | Reached XP level 5. HP: 15/35 MP: 0/0
  1861 | D:2      | Learned a level 2 spell: Passwall
  1861 | D:2      | Reached XP level 6. HP: 18/40 MP: 0/0
  2775 | D:2      | Noticed Natasha
  2778 | D:2      | Killed Natasha
  3390 | D:2      | Noticed Natasha
  3394 | D:2      | Killed Natasha
  3659 | D:2      | Noticed Natasha
  3663 | D:2      | Killed Natasha
  3755 | D:3      | Reached skill level 5 in Spellcasting
  3798 | D:3      | Found a sacrificial altar of Ru.
  4832 | D:4      | Reached XP level 7. HP: 36/45 MP: 0/0
  4832 | D:4      | Learned a level 3 spell: Frozen Ramparts
  5123 | D:4      | Found a glowing drain.
  5124 | D:4      | Found a staircase to the Ecumenical Temple.
  5132 | Sewer    | Entered a sewer
  5217 | Sewer    | Reached skill level 6 in Spellcasting
  5239 | Sewer    | Found a white marble altar of Elyvilon.
  5406 | D:4      | Found Osett's Jewellery Shop.
  5773 | Temple   | Entered the Ecumenical Temple
  6138 | D:5      | Entered Level 5 of the Dungeon
  6156 | D:5      | Reached XP level 8. HP: 32/50 MP: 0/0
  6309 | D:5      | Reached skill level 7 in Spellcasting
  6589 | D:5      | Noticed a +0 dagger
  6589 | D:5      | Noticed a +0 short sword
  6589 | D:5      | Noticed a +0 dagger
  6589 | D:5      | Noticed a +0 short sword
  6589 | D:5      | Noticed a +0 spear
  6589 | D:5      | Noticed a +0 falchion
  6590 | D:5      | Noticed a +0 spear
  6594 | D:5      | Noticed a +0 falchion
  6596 | D:5      | Found a hide-covered altar of Uskayaw.
  7004 | D:5      | Found a sparkling altar of Nemelex Xobeh.
  7221 | D:6      | Reached XP level 9. HP: 32/55 MP: 0/0
  7221 | D:6      | Learned a level 4 spell: Olgreb's Toxic Radiance
  7307 | D:6      | Found Sofrareu's Elemental Accessories.
  7328 | D:6      | Reached skill level 8 in Spellcasting
  7701 | D:6      | Found a runed translucent door.
  7701 | D:6      | Found a shimmering altar of Xom.
  7701 | D:6      | Noticed hawla's ghost (novice MeAE)
  7702 | D:6      | Noticed a +2 mace of chaos
  8024 | D:7      | Noticed Maggie
  8032 | D:7      | Killed Maggie
  8033 | D:7      | Reached skill level 9 in Spellcasting
  8111 | D:7      | Found a basalt altar of Yredelemnul.
  8114 | D:7      | Noticed a profane servitor
  8131 | D:7      | Found a glowing golden altar of the Shining One.
  8133 | D:7      | Noticed an angel
  8415 | D:7      | Reached XP level 10. HP: 59/60 MP: 0/0
  8904 | D:8      | Reached skill level 10 in Spellcasting
  8912 | D:8      | Found a flagged portal.
  8933 | Bailey   | Entered a bailey
  9221 | Bailey   | Reached skill level 11 in Spellcasting
  9593 | D:8      | Found a staircase to the Lair.
  9785 | D:8      | Found a runed translucent gate.
  9785 | D:8      | Found a runed translucent gate.
  9788 | D:8      | Found a runed translucent gate.
  9788 | D:8      | Noticed cheesebisquit's ghost (novice MiBe)
 10103 | D:8      | Found a viscous altar of Jiyva.
 10266 | Lair:1   | Entered Level 1 of the Lair of Beasts
 10285 | Lair:1   | Reached XP level 11. HP: 26/65 MP: 0/0
 10285 | Lair:1   | Learned a level 4 spell: Sticky Flame
 10290 | Lair:1   | Reached skill level 12 in Spellcasting
 10462 | Lair:1   | Noticed a spriggan rider
 10462 | Lair:1   | Noticed a spriggan rider
 10468 | Lair:1   | Noticed a moth of wrath
 10468 | Lair:1   | Noticed a spriggan berserker
 10469 | Lair:1   | Found a bloodstained altar of Trog.
 10473 | Lair:1   | Noticed warriortoast's ghost (journeyman SpHu)
 10493 | Lair:1   | Found a transporter.
 10495 | Lair:1   | Found a transporter.
 10710 | D:9      | Noticed a two-headed ogre
 10713 | D:9      | Killed a two-headed ogre
 11089 | D:6      | Slain by a +2 mace of chaos

Illustrated notes

Levels and vault maps discovered:
D:1:      dpeg_arrival_stone_temple_mockup, layout_loops_ring,
          serial_bayou_pond_e, hangedman_decor_peaks_small
D:2:      wad_lake_hut, layout_rooms, uniq_sigmund, uniq_natasha
D:3:      layout_loops_ring, nicolae_ru_awakened_eye, lemuel_doored_altar,
          roderic_roman_lattice
D:4:      layout_basic, minmay_temple_entry_purple_smoke, portal_sewer_entry_f,
          serial_shops, shop_fountains, kennysheep_minor_cross
D:5:      layout_loops_ring, gammafunk_temple_overflow_elements,
          nicolae_uskayaw_en_pointe, water_boxes_lemuel
D:6:      layout_basic, serial_curves, eino_curves_04, eino_curves_03,
          ebering_ghost_xom, nicolae_elemental_shop
D:7:      layout_rooms, grunt_temple_overflow_holy_war,
          nicolae_overflow_hidden_temple, minmay_misc_feat_secret_circle,
          uniq_maggie
D:8:      layout_basic, lair_entry_dummy, enter_bailey_5, gammafunk_ghost_ooze
D:9:      layout_layer_cave
Temple:   hellmonk_temple_forest_ring
Lair:1:   gammafunk_boulding_lane, layout_long_grid,
          gammafunk_ghost_wrathful_warriors, kennysheep_snail_temple,
          lemuel_fruit_tree

Skill      XL: |  1  2  3  4  5  6  7  8  9 10 11 |
---------------+----------------------------------+-----
Spellcasting   | 3 4 5 6 7 9 11 12 | 12.7
Stealth        | 2 3 4 |  4.1
Dodging        | 3 4 |  4.1

Action                   |  1- 3 |  4- 6 |  7- 9 | 10-12 || total
-------------------------+-------+-------+-------+-------++-------
Melee: Unarmed           |     1 |       |    11 |       ||    12
 Cast: Foxfire           |    42 |    72 |   151 |   100 ||   365
       Scorch            |     8 |    15 |    44 |    40 ||   107
       Inner Flame       |     1 |     9 |    28 |    48 ||    86
       Conjure Flame     |       |     1 |       |       ||     1
       Flame Wave        |       |       |     6 |     1 ||     7
       Frozen Ramparts   |       |       |     4 |     2 ||     6
       Olgreb's Toxic Ra |       |       |     7 |    37 ||    44
       Passwall          |       |       |     1 |     1 ||     2
       Necrotise         |       |       |       |     1 ||     1
  Use: Scroll            |       |     4 |     3 |     5 ||    12
Armor: Robe              |     1 |     3 |    12 |       ||    16
       Steam dragon scal |       |       |       |     2 ||     2
Dodge: Dodged            |    14 |       |    23 |    12 ||    49
